 Dungeon Crawl Stone Soup version 0.27.0-1-g7a089689b8 (webtiles) character file.

Game seed: 8023496493400844602

238 Brandom the Skirmisher (level 6, 0/49 HPs)
             Began as a Formicid Abyssal Knight on Aug 8, 2021.
             Was a Believer of Lugonu.
             Slain by a phantom (3 damage)
             ... in a sewer.
             The game lasted 00:06:24 (4112 turns).

Brandom the Skirmisher (Formicid Abyssal Knight)    Turns: 4112, Time: 00:06:25

Health: 0/49       AC:  4    Str: 19    XL:     6   Next: 28%
Magic:  17/17      EV: 11    Int: 11    God:    Lugonu [**....]
Gold:   87         SH:  0    Dex: 10    Spells: 5/5 levels left

rFire    . . .     SeeInvis +   n - +0 war axe (drain)
rCold    . . .     Faith    .   (no shield)
rNeg     . . .     Spirit   .   b - +0 leather armour
rPois    .         Reflect  .   (helmet unavailable)
rElec    .         Harm     .   j - +0 cloak
rCorr    .         Rampage  .   (no gloves)
Will     .....                  (no boots)
Stlth    +.........             (no amulet)
HPRegen  0.16/turn              g - ring of magical power
MPRegen  0.15/turn              (no ring)

@: no status effects
A: permanent stasis, dig shafts and tunnels, antennae 3, four strong arms
a: Dig, Renounce Religion, Depart the Abyss, Bend Space


You were in a sewer.
You worshipped Lugonu.
Lugonu was pleased with you.
You visited 1 branch of the dungeon, and saw 4 of its levels.
You visited the Abyss 1 time.
You also visited: Sewer.

You collected 87 gold pieces.

Inventory:

Hand Weapons
 a - a +1 hand axe
 n - a +0 war axe of draining (weapon)
   (You found it on level 3 of the Dungeon)
Armour
 b - a +0 leather armour (worn)
 j - a +0 cloak (worn)
   (You found it on level 1 of the Dungeon)
Jewellery
 g - a ring of magical power (left hand)
   (You found it on level 1 of the Dungeon)
Wands
 d - a wand of iceblast (11)
   (You found it on level 3 of the Dungeon)
Scrolls
 c - 3 scrolls of teleportation {@r4}
 l - 2 scrolls of vulnerability {!r}
 o - a scroll of amnesia
Potions
 e - 2 potions of curing {unknown}
 f - 2 potions of brilliance {unknown}
 k - a potion of degeneration {unknown}
 m - a potion of flight {unknown}


   Skills:
 * Level 4.7 Fighting
 * Level 3.7 Axes
 + Level 3.1 Armour
 - Level 2.0 Dodging
 + Level 3.3 Invocations


You had 5 spell levels left.
You didn't know any spells.
Your spell library contained the following spells:

 Spells                   Type           Power      Damage    Failure   Level
 Animate Skeleton         Necr           0%         N/A       38%         1
 Pain                     Necr           0%         1d4       38%         1
 Stone Arrow              Conj/Erth      0%         3d7       77%         3
 Vampiric Draining        Necr           0%         2d6       77%         3
 Bolt of Magma            Conj/Fire/Erth 0%         4d4       100%        5
 Shatter                  Erth           0%         3d5*      100%        9


Dungeon Overview and Level Annotations

Branches:
Dungeon (4/15)              Sewer (1/1)
 Temple: D:4-7

Altars:


Innate Abilities, Weirdness & Mutations

You cannot be hasted, slowed, berserked, paralysed or teleported.
You can dig through walls and to a lower floor.
You have a pair of large antennae on your head. (SInv)
Your four strong arms can wield two-handed weapons with a shield.


Message History

The kobold hits you with a +0 dagger. x2
A kobold comes into view. It is wielding a +0 short sword.
The kobold closely misses you.
You miss the kobold. You hit the kobold but do no damage. You drain the kobold.
The kobold closely misses you. The kobold hits you but does no damage.
You hit the kobold but do no damage. You hit the kobold.
The kobold hits you with a +0 dagger.
A phantom comes into view.
The kobold hits you but does no damage. The kobold closely misses you.
You closely miss the kobold. x2; The kobold misses you.
The kobold hits you but does no damage. The kobold hits you with a +0 dagger.
You miss the kobold. You hit the kobold.
You kill the kobold!
Lugonu accepts your kill. The kobold hits you with a +0 dagger.
You closely miss the kobold. You hit the kobold. You hit the wight.
The kobold barely misses you. The wight hits you with a +5 flail!
A kobold comes into view. It is wielding a +0 short sword.
The kobold hits you but does no damage. The kobold barely misses you.
The wight hits you with a +5 flail.
* * * LOW HITPOINT WARNING * * *
The kobold hits you but does no damage. The kobold barely misses you.
The wight closely misses you.
Unknown command.
The wight closely misses you. The kobold hits you with a +0 dagger.
* * * LOW HITPOINT WARNING * * *
The wight closely misses you. The kobold hits you but does no damage.
The kobold throws a stone.
The stone closely misses you.
You see here an emerald potion.
You see here a potion of heal wounds {@q2}.
You hit the kobold.
You kill the kobold!
Lugonu accepts your kill. The kobold misses you.
You slash the wight! You closely miss the kobold.
The wight hits you with a +5 flail.
* * * LOW HITPOINT WARNING * * *
The kobold barely misses you.
You barely miss the wight. You barely miss the kobold.
The wight completely misses you. The kobold closely misses you.
Unknown command.
You closely miss the phantom. You hit the wight. You hit the kobold.
You kill the kobold!
Lugonu accepts your kill. The wight hits you with a +5 flail!
* * * LOW HITPOINT WARNING * * *
The phantom hits you.
You die...

...≈# ≈{K.≈#
##'''##
#########.....##
##≈≈≈≈≈≈#..⌠.⌠..#
###z......'.......+
#∩@).K.)..'.⌠._.⌠.+
###W......'.......+
##≈≈≈≈≈≈#..))...#
##########...###
#############'####
#≈≈≈#≈≈≈≈≈≈#..)#≈≈
#≈≈≈≈≈≈..≈≈.....≈≈
.#......#..)#.)
#'#######≈####


You could see a phantom, a wight and a kobold.

Vanquished Creatures
  A kobold brigand (Sewer)
  6 adders
  A gnoll (D:1)
  A river rat (D:4)
  An ufetubus (Sewer)
  2 worms (D:3)
  A dart slug (D:1)
  8 ball pythons
  3 endoplasms
  5 giant cockroaches
  7 goblins
  7 hobgoblins
  2 jackals (D:1)
  2 quokkas (D:2)
  5 bats
  4 frilled lizards (D:3)
  26 kobolds
  4 rats
  A spectral goblin (D:2)
87 creatures vanquished.

Vanquished Creatures (others)
  6 starspawn tentacles (Abyss:1)
6 creatures vanquished.

Grand Total: 93 creatures vanquished

Notes
Turn   | Place    | Note
-------+----------+-------------------------------------------
     0 | Abyss:1  | Brandom the Formicid Abyssal Knight began the quest for the
                  | Orb.
     0 | Abyss:1  | Reached XP level 1. HP: 18/18 MP: 2/2
     8 | Abyss:1  | Found a corrupted altar of Lugonu.
    55 | Abyss:1  | Noticed a tentacled starspawn
    80 | Abyss:1  | Noticed an iron imp
    86 | Abyss:1  | Noticed a neqoxec
    87 | D:1      | Escaped the Abyss
   103 | D:1      | Noticed an electric eel
   104 | D:1      | Noticed an electric eel
   123 | D:1      | Reached skill level 1 in Dodging
   123 | D:1      | Reached XP level 2. HP: 8/24 MP: 3/3
   488 | D:1      | Reached * piety under Lugonu
   489 | D:1      | Reached XP level 3. HP: 17/30 MP: 4/4
   758 | D:1      | You fall into a shaft and drop 1 floor!
   944 | D:2      | Found a faded altar of an unknown god.
  1420 | D:1      | Reached skill level 4 in Fighting
  1420 | D:1      | Reached XP level 4. HP: 37/37 MP: 5/5
  3090 | D:3      | Reached XP level 5. HP: 18/42 MP: 7/7
  3266 | D:3      | Reached ** piety under Lugonu
  3664 | D:4      | Found a glowing drain.
  3675 | Sewer    | Entered a sewer
  4048 | Sewer    | Found an ancient bone altar of Kikubaaqudgha.
  4048 | Sewer    | Noticed a kobold brigand
  4062 | Sewer    | Killed a kobold brigand
  4063 | Sewer    | Reached XP level 6. HP: 49/49 MP: 8/8
  4112 | Sewer    | Slain by a phantom

Illustrated notes

Levels and vault maps discovered:
D:1:      arrival_aquarium_b, layout_loops_corners, minmay_misc_feat_encased
D:2:      layout_basic, dreamdust_ecumenical_altar_drowned_temple
D:3:      layout_loops_ring
D:4:      layout_loops_corners, mainiacjoe_overflow_concentric_impassable,
          gup_sewer_entry_bubbles
Sewer:    kennysheep_sewer_church

Skill      XL: |  1  2  3  4  5 |
---------------+----------------+-----
Dodging        | 1 2 |  2.0
Fighting       | 4 |  4.7
Axes           | 3 |  3.7
Invocations    | 3 |  3.3
Armour         | 3 |  3.1

Action                   |  1- 3 |  4- 6 || total
-------------------------+-------+-------++-------
Melee: Hand axe          |    74 |    44 ||   118
       War axe           |       |   143 ||   143
Invok: Depart the Abyss  |     1 |       ||     1
  Use: Potion            |       |     2 ||     2
       Scroll            |       |     5 ||     5
 Stab: Sleeping          |       |     1 ||     1
Armor: Leather armour    |    18 |    71 ||    89
Dodge: Dodged            |    40 |   158 ||   198
